 Dungeon Crawl Stone Soup version 0.30-a0-756-gc2185399d4 (webtiles) character file.

Game seed: 3427246614155230942

105 Angani the Magician (level 4, -1/33 HPs)
             Began as a Draconian Hedge Wizard on Feb 10, 2023.
             Slain by a river rat (6 damage)
             ... on level 3 of the Dungeon.
             The game lasted 00:05:57 (1954 turns).

Angani the Magician (Draconian Hedge Wizard)        Turns: 1954, Time: 00:05:58

Health: -1/33      AC:  5    Str: 18    XL:     4   Next: 54%
Magic:  0/10       EV: 12    Int: 17    God:
Gold:   48         SH:  0    Dex: 10    Spells: 10/11 levels left

rFire   . . .      SeeInvis .    a - +0 dagger
rCold   . . .      Faith    .    (no shield)
rNeg    . . .      Spirit   .    (body armour unavailable)
rPois   .          Reflect  .    b - +0 hat
rElec   .          Harm     .    (no cloak)
rCorr   .          Rampage  .    (no gloves)
Will    .....                    (no boots)
Stlth   ++                       (no amulet)
HPRegen 0.25/turn                d - +6 ring of strength
MPRegen 0.12/turn                (no ring)

@: no status effects
A: AC +5, unfitting armour, cold-blooded
a: no special abilities


You were on level 3 of the Dungeon.
You visited 1 branch of the dungeon, and saw 3 of its levels.

You collected 98 gold pieces.
You spent 50 gold pieces at shops.

Inventory:

Hand Weapons
 a - a +0 dagger (weapon)
Armour
 b - a +0 hat (worn)
Jewellery
 d - a +6 ring of strength (left hand)
 j - an amulet of guardian spirit
Scrolls
 g - 2 scrolls of teleportation
 i - a scroll of vulnerability
 n - a scroll of identify
Potions
 e - 2 potions of curing
 f - 2 potions of might {unknown}
 h - a potion of lignification {unknown}
 k - 2 potions of degeneration {unknown}
 l - a potion of heal wounds {unknown}
 m - a potion of berserk rage {unknown}


   Skills:
 - Level 1.7 Dodging
 - Level 1.7 Stealth
 + Level 4.1 Spellcasting
 + Level 3.2 Conjurations
 - Level 1.0 Summonings
 - Level 1.0 Translocations


You had 10 spell levels left.
You knew the following spells:

 Your Spells              Type           Power      Damage    Failure   Level
a - Magic Dart            Conj           56%        1d5       4%          1

Your spell library contained the following spells:

 Spells                   Type           Power      Damage    Failure   Level
 Slow                     Hex            12%        N/A       16%         1
 Blink                    Tloc           12%        N/A       16%         2
 Call Imp                 Summ           6%         N/A       16%         2
 Cigotuvi's Dreadful Rot  Necr/Pois/Air  6%         N/A       24%         2
 Mephitic Cloud           Conj/Pois/Air  7%         N/A       30%         3
 Borgnjor's Revivificati  Necr           1%         N/A       100%        8
 Necromutation            Tmut/Necr      1%         N/A       100%        8
 Death's Door             Necr           1%         N/A       100%        9


Dungeon Overview and Level Annotations

Branches:
Dungeon (3/15)

Altars:

Shops:
D:1 *

Portals:
Sewer: D:3

Annotations:
D:2 Sigmund


Innate Abilities, Weirdness & Mutations

Your plain brown scales are hard. (AC +5)
You cannot fit into any form of body armour.
You are cold-blooded and may be slowed by cold attacks.


Message History

The river rat bites you!
Aiming: Magic Dart (safe; 4% risk of failure)
Press: ? - help, Q - select action Shift-Dir - straight line, f/p - river rat
Aim: a river rat (moderately wounded, 100% to hit)
The magic dart hits the river rat.
The river rat is heavily wounded.
The river rat bites you but does no damage.
You don't have enough magic to cast this spell.
Unknown command.
You hit the river rat.
The river rat is heavily wounded.
The river rat bites you but does no damage.
You closely miss the river rat.
The river rat is heavily wounded.
The river rat bites you but does no damage.
You barely miss the river rat.
The river rat is heavily wounded.
The river rat bites you but does no damage.
You hit the river rat but do no damage.
The river rat is heavily wounded.
The river rat barely misses you.
You closely miss the river rat.
The river rat is heavily wounded.
The river rat closely misses you.
Aiming: Magic Dart (safe; 4% risk of failure)
Press: ? - help, Q - select action Shift-Dir - straight line, f/p - river rat
Aim: a river rat (heavily wounded, 100% to hit)
The magic dart hits the river rat.
The river rat is severely wounded.
The river rat closely misses you.
Unknown command.
You hit the river rat but do no damage.
You tail-slap the river rat, but do no damage.
The river rat is severely wounded.
The river rat bites you!
* * * LOW HITPOINT WARNING * * *
You hit the river rat but do no damage.
The river rat is severely wounded.
The river rat bites you.
You die...

.# .r~~∩~~..# .#
..~~~~~..# .#
..[~r~...# .#
.........# .######
.........# .......
#.# ######. #.# #
#r################
#
#@†...............
#####
##################
#... #.#### .....#
#.##.# #.##.#
#.##.# #.##.#


You could see a river rat.

Vanquished Creatures
  Natasha (D:2)
  2 adders
  A river rat (D:3)
  2 dart slugs (D:1)
  An orc (D:3)
  5 ball pythons
  3 endoplasms (D:1)
  2 giant cockroaches (D:1)
  5 goblins
  5 hobgoblins
  6 jackals (D:1)
  2 quokkas (D:1)
  4 bats
  A frilled lizard (D:1)
  3 kobolds
  3 rats
46 creatures vanquished.

Notes
Turn   | Place    | Note
-------+----------+-------------------------------------------
     0 | D:1      | Angani the Draconian Hedge Wizard began the quest for the
                  | Orb.
     0 | D:1      | Reached XP level 1. HP: 14/14 MP: 4/4
   190 | D:1      | Reached XP level 2. HP: 16/20 MP: 1/6
   674 | D:1      | Found Pineth's General Store.
   749 | D:1      | Bought a potion of curing for 30 gold pieces
   749 | D:1      | Bought a scroll of identify for 20 gold pieces
   791 | D:1      | Found a faded altar of an unknown god.
   800 | D:1      | Reached XP level 3. HP: 26/26 MP: 4/8
  1522 | D:2      | Noticed Sigmund
  1699 | D:2      | Noticed Natasha
  1709 | D:2      | Killed Natasha
  1710 | D:2      | Reached skill level 4 in Spellcasting
  1710 | D:2      | Reached XP level 4. HP: 19/33 MP: 1/10
  1898 | D:3      | Found a glowing drain.
  1954 | D:3      | Slain by a river rat

Illustrated notes

Levels and vault maps discovered:
D:1:      dpeg_arrival_oval, layout_basic, serial_shops, nicolae_shop_crystal,
          dreamdust_ecumenical_altar_angels_and_demons, minmay_tetromino_l4
D:2:      layout_rooms, minmay_stone_trees_small, uniq_sigmund, uniq_terence,
          uniq_natasha
D:3:      layout_loops_ring, okawaru_gym_becter, portal_sewer_entry_a

Skill      XL: |  1  2  3 |
---------------+----------+-----
Conjurations   | 2 3 |  3.2
Spellcasting   | 4 |  4.1
Dodging        | |  1.7
Stealth        | |  1.7
Summonings     | |  1.0
Translocations | |  1.0

Action                     |  1- 3 |  4- 6 || total
---------------------------+-------+-------++-------
  Melee: Dagger            |    50 |    26 ||    76
         Tailslap          |     6 |     2 ||     8
         Punch             |       |     1 ||     1
   Cast: Magic Dart        |    83 |    39 ||   122
    Use: Scroll            |     2 |       ||     2
         Potion            |       |     2 ||     2
 Armour: Skin              |    20 |    15 ||    35
  Dodge: Dodged            |    45 |    36 ||    81

Table legend: (Time is in decaauts)
 A = Elapsed time spent in this place.
 B = Non-inter-level travel time spent in this place.
 C = Inter-level travel time spent in this place.
 D = Time resting spent in this place.
 E = Time spent auto-exploring this place.
 F = Levels seen in this place.
 G = Mean time per level.
                   A        B        C        D        E       F      G
               +--------+--------+--------+--------+--------+-----+--------+
         Total |   1965 |   1924 |     41 |    436 |    965 |   3 |  655.0 |
       Dungeon |   1965 |   1924 |     41 |    436 |    965 |   3 |  655.0 |
               +--------+--------+--------+--------+--------+-----+--------+

Top non-repeatable levels by time:
     D:1: 1428 daAuts
     D:2: 315 daAuts
     D:3: 221 daAuts
